cohdb
Replays
Latest Replays
All Replays
Popular Replays
Top Player Replays
Match Explorer
How It Works
Community
CoH3 Stats
Reddit
Sign in to upload your games and track your stats! →
Sign in with Steam
Match 45767530
Unlisted
Match 45767530
Overview
Messages
Build Orders
End
Engineer Squad
Selects Armored Battlegroup
Selects Veteran Crews
Construct Barracks
Riflemen Squad
Riflemen Squad
Riflemen Squad
Infantry Support Center
Construct Weapon Support Center
Construct Medical Station
Construct Weapon Support Center
Selects Fast Deploy
M3 Armored Personnel Carrier
M3 Armored Personnel Carrier
Mortar Pit
M1918 Browning Automatic Rifles
Grenade Package
Munitions Surplus
Riflemen Squad
Selects M31 Recovery Vehicle
Riflemen Squad
Advanced Logistics
*Mule
CAuMOH
Gabriel
Haggets
0
0
Comments
sign in to comment!
No comments posted yet!